AoeStats
← DK_Odysseo

Socotra

505744882Analyzed
3v3 RM · 21d ago on Sep 10, 2026· 30m 3s· 6 players
Game mode
Random Map
Map size
128×128
Population
200
Speed
Normal
Resources
Standard
Victory
Conquest
Starting age
Dark Age
Ending age
Imperial Age
RankedLock teamsTeams togetherTeam positionsShared explorationLock speedFull tech treeHidden civsTurbo modeCheats
Victory
Defeat
🇨🇱 Hindustanis · Chile
1670
+13
🇪🇸 Persians · Spain
1665
+14
🇪🇸 Bengalis · Spain
1589
+17
🇬🇹 Dravidians · Guatemala
1790
-22
🇫🇷 Lithuanians · France
1522
-11
🇦🇷 Khitans · Argentina
1520
-11
DK_Nightclaim
6:51 Loom
9:16 Feudal Age
10:53 Double-Bit Axe
21:17 Castle Age
21:28 Bloodlines
21:36 Light Cavalry
26:35 Scale Barding Armor
DK_Odysseo
0:45 Loom
DK_Partyman96
6:45 Loom
8:45 Feudal Age
10:03 Double-Bit Axe
14:19 Fletching
20:16 Castle Age
20:47 Padded Archer Armor
20:58 Bodkin Arrow
20:24 Crossbowman
23:09 Ballistics
27:30 Wheelbarrow
28:29 Bow Saw
28:56 Scale Mail Armor
Dudulastar
0:44 Loom
11:51 Feudal Age
12:20 Double-Bit Axe
17:37 Fletching
19:21 Padded Archer Armor
24:49 Castle Age
25:34 Bodkin Arrow
25:01 Crossbowman
27:16 Ballistics
28:32 Leather Archer Armor
29:28 Bloodlines
[TUC] Fachirichi
6:36 Loom
11:58 Feudal Age
12:29 Double-Bit Axe
18:35 Padded Archer Armor
18:25 Fletching
24:09 Castle Age
24:15 Elite Skirmisher
24:51 Bodkin Arrow
27:33 Leather Archer Armor
Sarin
7:25 Loom
9:48 Feudal Age
10:26 Double-Bit Axe
10:22 Horse Collar
26:18 Wheelbarrow
30:25 Castle Age
29:28 Scale Barding Armor
29:34 Forging
Connection lost

Rejoining the realm…

Still unreachable

The connection could not be restored.

Session expired

The server has moved on; the page needs a fresh start.